 Dungeon Crawl Stone Soup version 0.25.1-2-g60ff931df9 (webtiles) character file.

Game seed: 12213833745700712597

47 MajorAdolf the Skirmisher (level 3, -10/49 HPs)
             Began as a Naga Wanderer on Oct 15, 2020.
             Killed from afar by an orc wizard (12 damage)
             ... with a puff of frost
             ... on level 2 of the Dungeon.
             The game lasted 00:01:35 (1686 turns).

MajorAdolf the Skirmisher (Naga Wanderer)           Turns: 1686, Time: 00:01:35

Health: -10/49     AC: 21    Str: 16    XL:     3   Next: 70%
Magic:  6/6        EV:  1    Int:  9    God:
Gold:   70         SH:  4    Dex: 12    Spells: 6/6 levels left

rFire    . . .     SeeInvis +   a - +2 hand axe
rCold    . . .     Gourm    .   c - +0 buckler
rNeg     + + +     Faith    .   (armour currently unavailable)
rPois    +         Spirit   .   (helmet currently unavailable)
rElec    .         Reflect  .   (cloak currently unavailable)
rCorr    .         Harm     .   (gloves currently unavailable)
MR       .....     NoTele   +   (no barding)
Stlth    ++........             (no amulet)
HPRegen  0.16/turn              (no ring)
MPRegen  0.10/turn              (no ring)

@: tree-form
A: large, see invisible, slow metabolism 1, spit poison 1, AC +1
a: Spit Poison


You were on level 2 of the Dungeon.
You were near starving.
You were a tree.
You visited 1 branch of the dungeon, and saw 2 of its levels.

You collected 70 gold pieces.

Inventory:

Hand Weapons
 a - a +2 hand axe (weapon)
Armour
 c - a +0 buckler (worn)
 d - a +0 robe (melded)
Jewellery
 l - an uncursed amulet of the acrobat {unknown}
Scrolls
 g - a scroll of enchant armour {unknown}
 i - a scroll of immolation {unknown}
 j - a scroll of remove curse {unknown}
 m - a scroll of enchant weapon {unknown}
Potions
 e - 3 potions of resistance {unknown}
 h - a potion of haste {unknown}
 k - a potion of curing {unknown}
Comestibles
 f - 3 rations


   Skills:
 + Level 2.7 Fighting
 + Level 2.1 Axes
 - Level 1.5 Armour
 - Level 1.5 Stealth
 + Level 1.8 Shields
 - Level 2.0 Spellcasting
   Level 1.0 Conjurations


You had 6 spell levels left.
You didn't know any spells.
Your spell library was empty.

Dungeon Overview and Level Annotations

Branches:
Dungeon (2/15)

Altars:
Wu Jian


Innate Abilities, Weirdness & Mutations

You cannot wear boots.
((Your serpentine skin is tough. (AC +1)))
You have supernaturally acute eyesight. (SInv)
((Armour fits poorly on your strangely shaped body.))
((Your system is resistant to poisons. (rPois)))
((You cover ground very slowly.))
You have a slow metabolism.
You can spit poison.


Message History

The orc wizard hits you with a +1 dagger of electrocution.
You closely miss the orc wizard.
The orc wizard is lightly wounded.
The orc wizard barely misses you.
The orc shouts!
You hit the orc wizard.
The orc wizard is heavily wounded.
The orc wizard hits you with a +1 dagger of electrocution.
You are electrocuted!!
Ouch! That really hurt!
* * * LOW HITPOINT WARNING * * *
You block the orc wizard's attack.
Okay, then.
Okay, then.
Really quaff the potion of lignification?
You turn into a tree.
Your +0 robe melds into your body.
Your roots penetrate the ground.
The orc wizard casts a spell at you. The puff of frost hits you!
You die...

### ## #.. .# #(# .#
######### #.# .#
........# #.# .# ####
#######.#
#.###.#.o...
#.#####.##.ooo....
#....##.##♣#
#.........#...#
########...##..#.####
#................#
#.........###..###
.......<##.....#
..#####.##.###.# #.#
#.# #.##.# #.# #..
#.# #.##.# #.# #.# #


You could see an orc wizard (fast) and 3 orcs.

Vanquished Creatures
  An ooze (D:2)
  A worm (D:2)
  2 dart slugs
  A leopard gecko (D:2)
  A ball python (D:1)
  4 bats (D:1)
  A giant cockroach (D:1)
  3 goblins
  6 hobgoblins
  4 jackals (D:1)
  2 frilled lizards (D:1)
  3 kobolds
  4 rats
33 creatures vanquished.

Notes
Turn   | Place    | Note
-------+----------+-------------------------------------------
     0 | D:1      | MajorAdolf the Naga Wanderer began the quest for the Orb.
     0 | D:1      | MajorAdolf set off with the following items: a +2 hand axe,
                  | a potion of lignification, a +0 buckler, a +0 robe, a
                  | ration
     0 | D:1      | Reached XP level 1. HP: 19/19 MP: 3/3
     0 | D:1      | Noticed a shadow dragon
     0 | D:1      | Noticed an orb of fire
     1 | D:1      | Noticed a white draconian
     3 | D:1      | Noticed an ice dragon
     3 | D:1      | Noticed a shadow dragon
     5 | D:1      | Noticed a tentacled monstrosity
     6 | D:1      | Noticed an orb of fire
     8 | D:1      | Noticed a large abomination
    10 | D:1      | Noticed an orb of fire
    10 | D:1      | Noticed a tentacled monstrosity
    12 | D:1      | Noticed an ice dragon
    12 | D:1      | Noticed an iron dragon
    13 | D:1      | Noticed a large abomination
    14 | D:1      | Noticed an iron dragon
    14 | D:1      | Noticed a large abomination
    16 | D:1      | Noticed an orb of fire
    18 | D:1      | Noticed an orb of fire
    20 | D:1      | Noticed a shadow dragon
   344 | D:1      | Reached XP level 2. HP: 26/26 MP: 5/5
   921 | D:1      | Reached XP level 3. HP: 33/33 MP: 6/6
  1295 | D:2      | Found an ornate altar of the Wu Jian Council.
  1685 | D:2      | HP: 1/33 [orc wizard/+1 dagger of electrocution (19)]
  1686 | D:2      | Killed from afar by an orc wizard

Illustrated notes

Levels and vault maps discovered:
D:1:      shiori_arrival_whats_in_store_for_you, layout_basic, glass_columns_c,
          kennysheep_doodads
D:2:      layout_loops_ring, good_gods_mini_temple, lemuel_doored_altar

Skill      XL: |  1  2  3 |
---------------+----------+-----
Axes           | 2 |  2.1
Fighting       | |  2.7
Armour         | |  1.5
Stealth        | |  1.5
Shields        | |  1.8
Spellcasting   | |  2.0
Conjurations   | |  1.0

Action                   || total
-------------------------++-------
Melee: Hand axe          ||    77
 Abil: Spit Poison       ||     5
  Use: Potion            ||     1
 Stab: Sleeping          ||     3
Armor: Robe              ||    17
Dodge: Dodged            ||    41
Block: Buckler           ||    14
